[Event "Malmo Open 2021"]
[Site "Malmo Radhus, Stortorget 2, Malmo, Sweden"]
[Date "2021.12.17"]
[Round "1.1"]
[White "Tops, Jonatan"]
[Black "Hillarp Persson, Tiger"]
[Result "0-1"]
[WhiteElo "1926"]
[BlackElo "2520"]
[ECO "B56"]
[TimeControl "15 minutes + 5 seconds per move from move one (Round 1 - 4) / 90 minutes + 30 seconds per move from move one (Round 5 - 8)"]
[BlackTitle "GM"]
[WhiteFideId "1759809"]
[BlackFideId "1700812"]

1.e4 c5 2.Nf3 d6 3.d4 cxd4 4.Nxd4 Nf6 5.Nc3 Nc6 6.Be3 Ng4 7.Bg5 Qb6 8.Bb5 
Bd7 9.Bxc6 bxc6 10.O-O h6 11.Bh4 g5 12.Bg3 h5 13.h4 gxh4 14.Bxh4 Rg8 15.
Nf5 Qxb2 16.Ne2 Qe5 17.Neg3 Qf4 18.Qe2 Ne5 19.Qxh5 Bxf5 20.exf5 Rg4 21.Ne2
Nf3+ 22.Kh1 Qh2# 0-1

[Event "Malmo Open 2021"]
[Site "Malmo Radhus, Stortorget 2, Malmo, Sweden"]
[Date "2021.12.17"]
[Round "1.2"]
[White "Sivuk, Vitaly"]
[Black "Wiklund, Johan"]
[Result "1-0"]
[WhiteElo "2514"]
[BlackElo "1924"]
[ECO "E09"]
[TimeControl "15 minutes + 5 seconds per move from move one (Round 1 - 4) / 90 minutes + 30 seconds per move from move one (Round 5 - 8)"]
[WhiteTitle "GM"]
[WhiteFideId "14116502"]
[BlackFideId "1713817"]

1.d4 e6 2.c4 Nf6 3.g3 c6 4.Bg2 d5 5.Nf3 Nbd7 6.O-O Be7 7.Nbd2 O-O 8.Qc2 
Re8 9.e4 dxe4 10.Nxe4 Nxe4 11.Qxe4 Nf6 12.Qe2 Bd6 13.Rd1 Qc7 14.Bg5 Nd7 
15.c5 Be7 16.Bxe7 Rxe7 17.Ne5 Nf6 18.h4 Bd7 19.h5 h6 20.Rd3 Be8 21.g4 Nd5 
22.Rg3 f6 23.Nc4 Rd8 24.Nd6 Bf7 25.Qd2 Kh8 26.Re1 Bg8 27.f4 Bh7 28.g5 fxg5
29.fxg5 hxg5 30.Qxg5 Rxd6 31.cxd6 Qxd6 32.Bxd5 cxd5 33.h6 g6 34.Rf3 Kg8 
35.Qf6 Qd8 36.Ref1 1-0

[Event "Malmo Open 2021"]
[Site "Malmo Radhus, Stortorget 2, Malmo, Sweden"]
[Date "2021.12.17"]
[Round "1.3"]
[White "Ekberg, Karl"]
[Black "Seo, Jung Min"]
[Result "0-1"]
[WhiteElo "1922"]
[BlackElo "2459"]
[ECO "D97"]
[TimeControl "15 minutes + 5 seconds per move from move one (Round 1 - 4) / 90 minutes + 30 seconds per move from move one (Round 5 - 8)"]
[BlackTitle "IM"]
[WhiteFideId "1726277"]
[BlackFideId "1734687"]

1.d4 Nf6 2.c4 g6 3.Nc3 d5 4.Nf3 Bg7 5.Qb3 dxc4 6.Qxc4 O-O 7.e4 a6 8.Be2 b5
9.Qd3 Bb7 10.e5 Nd5 11.O-O Nd7 12.Nxd5 Bxd5 13.b4 f6 14.exf6 exf6 15.Bf4 
Re8 16.Qc2 c6 17.Rfe1 Nb6 18.Bd3 Qd7 19.Be4 Bxe4 20.Rxe4 Rxe4 21.Qxe4 Re8 
22.Qd3 Qd5 23.Qb3 Bf8 24.Bd2 Kf7 25.h3 Bd6 26.g4 Ra8 27.Re1 Qxb3 28.axb3 
Nd5 29.g5 Bxb4 30.Bxb4 Nxb4 31.gxf6 Kxf6 32.Ne5 Rd8 33.Re4 Rd6 34.f3 Nc2 
35.Ng4+ Kf7 36.Ne5+ Kg7 37.Ng4 h5 38.Nf2 Nxd4 39.Re7+ Kf8 40.Re3 a5 41.Ne4
Re6 42.Kf2 Ke7 43.Rd3 Nf5 44.Nc5 Rd6 45.Rc3 Rd2+ 46.Ke1 Rh2 47.f4 b4 48.
Rd3 Rc2 49.Nb7 Ra2 50.Nc5 Nh4 51.Rd7+ Ke8 52.Rc7 Ng2+ 53.Kd1 Nxf4 54.Rxc6 
Rg2 55.h4 Rh2 56.Nb7 Rxh4 57.Nxa5 Rh2 58.Rb6 g5 59.Rxb4 h4 60.Re4+ Kf7 61.
Nc6 Rg2 62.Ne5+ Kf6 63.Nf3 h3 64.b4 Rf2 65.Ne5 Kf5 66.Re1 h2 67.b5 Ng2 68.
Rh1 Kxe5 69.b6 Ne3+ 70.Ke1 Rb2 71.Rxh2 Rxh2 0-1

[Event "Malmo Open 2021"]
[Site "Malmo Radhus, Stortorget 2, Malmo, Sweden"]
[Date "2021.12.17"]
[Round "1.4"]
[White "Hector, Jonny"]
[Black "Nielsen, Phillip"]
[Result "1-0"]
[WhiteElo "2439"]
[BlackElo "1921"]
[ECO "D01"]
[TimeControl "15 minutes + 5 seconds per move from move one (Round 1 - 4) / 90 minutes + 30 seconds per move from move one (Round 5 - 8)"]
[WhiteTitle "GM"]
[WhiteFideId "1700090"]
[BlackFideId "1466062"]

1.Nc3 d5 2.d4 Nf6 3.Bg5 Bf5 4.Bxf6 exf6 5.e3 c6 6.Bd3 Bg6 7.f4 Bxd3 8.Qxd3
Bd6 9.Nf3 O-O 10.g4 Re8 11.O-O-O Qc7 12.Kb1 Nd7 13.h4 Nb6 14.g5 Be7 15.
gxf6 Bxf6 16.Ng5 g6 17.Rdg1 Nc4 18.Nd1 Re7 19.Nxh7 Kxh7 20.h5 Kg7 21.hxg6 
Kf8 22.g7+ Bxg7 23.Rxg7 1-0

[Event "Malmo Open 2021"]
[Site "Malmo Radhus, Stortorget 2, Malmo, Sweden"]
[Date "2021.12.17"]
[Round "1.5"]
[White "Sjostrand, Joel"]
[Black "Smith, Axel"]
[Result "0-1"]
[WhiteElo "1921"]
[BlackElo "2430"]
[ECO "A20"]
[TimeControl "15 minutes + 5 seconds per move from move one (Round 1 - 4) / 90 minutes + 30 seconds per move from move one (Round 5 - 8)"]
[BlackTitle "GM"]
[WhiteFideId "1709844"]
[BlackFideId "1707930"]

1.c4 e5 2.g3 Nf6 3.Bg2 c6 4.d4 e4 5.Nc3 d5 6.cxd5 cxd5 7.Bg5 Nbd7 8.Nh3 h6
9.Bxf6 Nxf6 10.Qb3 g5 11.Rc1 Bg7 12.O-O O-O 13.e3 Re8 14.Nb5 Re7 15.Rc5 b6
16.Rc6 Bd7 17.Rd6 Qb8 18.Rc1 Bxb5 19.Rxf6 Bc4 20.Rxc4 dxc4 21.Qxc4 Bxf6 
0-1

[Event "Malmo Open 2021"]
[Site "Malmo Radhus, Stortorget 2, Malmo, Sweden"]
[Date "2021.12.17"]
[Round "1.7"]
[White "Bernhardsson, Sten"]
[Black "Akesson, Ralf"]
[Result "0-1"]
[WhiteElo "1906"]
[BlackElo "2385"]
[ECO "D58"]
[TimeControl "15 minutes + 5 seconds per move from move one (Round 1 - 4) / 90 minutes + 30 seconds per move from move one (Round 5 - 8)"]
[BlackTitle "GM"]
[WhiteFideId "1706780"]
[BlackFideId "1700120"]

1.d4 Nf6 2.Nf3 e6 3.Bg5 Be7 4.e3 b6 5.c4 Bb7 6.Nc3 h6 7.Bh4 d5 8.cxd5 exd5
9.Rc1 O-O 10.Bd3 Nbd7 11.O-O a6 12.Qe2 c5 13.dxc5 bxc5 14.Rfd1 Re8 15.Bf5 
Nb6 16.h3 g6 17.Bb1 Qd7 18.Qc2 Qe6 19.Bg3 Rac8 20.Qb3 Ba8 21.Na4 Nbd7 22.
Qd3 Ne4 23.Bh2 f5 24.Nc3 Ndf6 25.a3 Bf8 26.Ba2 Rcd8 27.Be5 Kh7 28.Rc2 Qb6 
29.Bh2 Bg7 30.Nd2 d4 31.Ncxe4 fxe4 32.Qb3 Qa7 33.Nc4 Bd5 34.Qa4 Re7 35.b4 
d3 36.Rcd2 cxb4 37.Qxb4 Rb7 38.Qa4 Qc5 39.Rc1 Rc8 40.Rdd1 Qb5 41.Qxb5 Rxb5
42.Bb1 Rxc4 43.Ba2 0-1

[Event "Malmo Open 2021"]
[Site "Malmo Radhus, Stortorget 2, Malmo, Sweden"]
[Date "2021.12.17"]
[Round "1.8"]
[White "Olsen, Filip Boe"]
[Black "Zander, Emil"]
[Result "1-0"]
[WhiteElo "2381"]
[BlackElo "1893"]
[ECO "D82"]
[TimeControl "15 minutes + 5 seconds per move from move one (Round 1 - 4) / 90 minutes + 30 seconds per move from move one (Round 5 - 8)"]
[WhiteTitle "IM"]
[WhiteFideId "1440640"]
[BlackFideId "1467123"]

1.d4 Nf6 2.c4 g6 3.Nc3 d5 4.Bf4 Bg7 5.e3 c6 6.Nf3 Nbd7 7.Be2 dxc4 8.Bxc4 
Nb6 9.Be2 Bf5 10.O-O O-O 11.h3 Nbd5 12.Bh2 Qb6 13.Na4 Qd8 14.Rc1 Rc8 15.
Nc5 Qb6 16.Ne5 Qxb2 17.Nc4 Qb4 18.a3 Qb5 19.g4 Bd7 20.a4 1-0

[Event "Malmo Open 2021"]
[Site "Malmo Radhus, Stortorget 2, Malmo, Sweden"]
[Date "2021.12.17"]
[Round "1.9"]
[White "Malmgren, Lars-Goran"]
[Black "Skytte, Rasmus"]
[Result "0-1"]
[WhiteElo "1893"]
[BlackElo "2377"]
[ECO "A46"]
[TimeControl "15 minutes + 5 seconds per move from move one (Round 1 - 4) / 90 minutes + 30 seconds per move from move one (Round 5 - 8)"]
[BlackTitle "IM"]
[WhiteFideId "1708139"]
[BlackFideId "1404210"]

1.d4 Nf6 2.Nf3 c5 3.c3 d5 4.g3 Nc6 5.Bg2 Bg4 6.O-O e6 7.Nbd2 cxd4 8.cxd4 
Be7 9.Qa4 O-O 10.Re1 Bh5 11.e3 a6 12.a3 b5 13.Qb3 Rc8 14.Qa2 Qb6 15.Nb3 a5
16.Nbd2 b4 17.b3 bxa3 18.Bxa3 Nb4 19.Bxb4 Bxb4 20.Red1 Ne4 21.Re1 Bxf3 22.
Nxf3 Bxe1 23.Nxe1 Rb8 24.Nd3 Qxb3 25.Bxe4 Qxa2 26.Bxh7+ Kxh7 27.Rxa2 Rb1+ 
28.Kg2 Ra8 29.Ra4 Rb3 30.Nc5 Rb4 31.Ra3 a4 32.h4 Kg8 33.f4 Kf8 34.Kf3 Ke7 
35.h5 f6 36.g4 Kd6 37.g5 e5 38.gxf6 gxf6 39.fxe5+ fxe5 40.h6 exd4 41.exd4 
Rxd4 42.Rc3 Rc4 43.Rxc4 dxc4 44.Ne4+ Ke5 45.Ke3 a3 46.Nd2 a2 47.Nxc4+ Kf6 
48.Nb6 Ra3+ 49.Kd2 a1=Q 50.h7 Qb2+ 51.Kd1 Ra1# 0-1

[Event "Malmo Open 2021"]
[Site "Malmo Radhus, Stortorget 2, Malmo, Sweden"]
[Date "2021.12.17"]
[Round "1.10"]
[White "Lindberg, Bengt"]
[Black "Frost, Niklas"]
[Result "1-0"]
[WhiteElo "2367"]
[BlackElo "1888"]
[ECO "B27"]
[TimeControl "15 minutes + 5 seconds per move from move one (Round 1 - 4) / 90 minutes + 30 seconds per move from move one (Round 5 - 8)"]
[WhiteTitle "IM"]
[WhiteFideId "1700359"]
[BlackFideId "1717235"]

1.e4 c5 2.Nf3 g6 3.Bc4 Bg7 4.O-O Nc6 5.Re1 Nf6 6.e5 Nh5 7.d4 d5 8.exd6 
Qxd6 9.d5 Nd4 10.Nxd4 cxd4 11.Nd2 Nf6 12.Bb3 b5 13.a4 O-O 14.axb5 Nxd5 15.
Ne4 Qd8 16.Qf3 Bf5 17.Bxd5 1-0

[Event "Malmo Open 2021"]
[Site "Malmo Radhus, Stortorget 2, Malmo, Sweden"]
[Date "2021.12.17"]
[Round "2.1"]
[White "Hillarp Persson, Tiger"]
[Black "Neretljak, Nedzad"]
[Result "1-0"]
[WhiteElo "2520"]
[BlackElo "2109"]
[ECO "A04"]
[TimeControl "15 minutes + 5 seconds per move from move one (Round 1 - 4) / 90 minutes + 30 seconds per move from move one (Round 5 - 8)"]
[WhiteTitle "GM"]
[BlackTitle "CM"]
[WhiteFideId "1700812"]
[BlackFideId "1713132"]

1.Nf3 c5 2.g3 Nc6 3.Bg2 e5 4.d3 d5 5.a3 Be7 6.O-O Bg4 7.h3 Be6 8.Nbd2 Qd7 
9.c4 Rd8 10.Qa4 d4 11.b4 cxb4 12.axb4 Bf6 13.Kh2 a6 14.Ne4 Nce7 15.Qxd7+ 
Bxd7 16.Nd6+ Kf8 17.Nxb7 Rb8 18.Nc5 Bc8 19.Nxa6 1-0

[Event "Malmo Open 2021"]
[Site "Malmo Radhus, Stortorget 2, Malmo, Sweden"]
[Date "2021.12.17"]
[Round "2.2"]
[White "Bohman Karlholm, Adrian"]
[Black "Sivuk, Vitaly"]
[Result "0-1"]
[WhiteElo "2115"]
[BlackElo "2514"]
[ECO "E32"]
[TimeControl "15 minutes + 5 seconds per move from move one (Round 1 - 4) / 90 minutes + 30 seconds per move from move one (Round 5 - 8)"]
[BlackTitle "GM"]
[WhiteFideId "1720643"]
[BlackFideId "14116502"]

1.d4 Nf6 2.c4 e6 3.Nc3 Bb4 4.Qc2 b6 5.e4 c5 6.d5 exd5 7.exd5 Qe7+ 8.Ne2 
O-O 9.Bd2 d6 10.a3 Bxc3 11.Qxc3 Bf5 12.O-O-O Qe4 13.Bf4 Qb1+ 14.Kd2 Ne4+ 
15.Ke1 Nxc3 16.Rxb1 Nxe2 17.Bxe2 Bxb1 18.Bxd6 Re8 19.Kd2 Bf5 20.b4 Nd7 21.
f3 a5 22.g4 Bg6 23.f4 Be4 24.Rg1 axb4 0-1

[Event "Malmo Open 2021"]
[Site "Malmo Radhus, Stortorget 2, Malmo, Sweden"]
[Date "2021.12.17"]
[Round "2.3"]
[White "Seo, Jung Min"]
[Black "Nilsson, Eskil"]
[Result "1-0"]
[WhiteElo "2459"]
[BlackElo "2097"]
[ECO "E94"]
[TimeControl "15 minutes + 5 seconds per move from move one (Round 1 - 4) / 90 minutes + 30 seconds per move from move one (Round 5 - 8)"]
[WhiteTitle "IM"]
[WhiteFideId "1734687"]
[BlackFideId "1716220"]

1.d4 Nf6 2.c4 g6 3.Nc3 Bg7 4.e4 d6 5.Be2 O-O 6.Be3 Na6 7.Nf3 e5 8.O-O Qe8 
9.Nd2 Ng4 10.Bxg4 exd4 11.Bxc8 Rxc8 12.Bxd4 Bxd4 13.Qc2 Nc5 14.Rae1 a5 15.
b3 Qd7 16.Nd5 Rce8 17.e5 Re6 18.Nf6+ Rxf6 19.exf6 Bxf6 20.Ne4 Nxe4 21.Qxe4
b6 22.Qf3 Be5 23.g3 a4 24.Qe4 axb3 25.axb3 b5 26.c5 Bf6 27.Rd1 Re8 28.Qf3 
Be5 29.Rfe1 Re6 30.Qb7 Bc3 31.Rxe6 Qxe6 32.Qd5 Bb4 33.cxd6 Qxd5 34.Rxd5 
Bxd6 35.Rxb5 h5 36.Kg2 Kf8 37.Kf3 Ke7 38.Ke4 Ke6 39.h3 f6 40.g4 hxg4 41.
hxg4 Kd7 42.f4 Ke6 43.Ra5 Ke7 44.f5 g5 45.Kd5 Kd7 46.Ra6 Be5 47.b4 Bc3 48.
b5 Kc8 49.Kc6 Kb8 50.Ra4 Be5 51.Re4 Bg3 52.Re6 1-0

[Event "Malmo Open 2021"]
[Site "Malmo Radhus, Stortorget 2, Malmo, Sweden"]
[Date "2021.12.17"]
[Round "2.4"]
[White "Jogstad, Daniel"]
[Black "Hector, Jonny"]
[Result "0-1"]
[WhiteElo "2099"]
[BlackElo "2439"]
[ECO "C50"]
[TimeControl "15 minutes + 5 seconds per move from move one (Round 1 - 4) / 90 minutes + 30 seconds per move from move one (Round 5 - 8)"]
[WhiteTitle "CM"]
[BlackTitle "GM"]
[WhiteFideId "1718959"]
[BlackFideId "1700090"]

1.e4 e5 2.Nf3 Nc6 3.Bc4 Nf6 4.d3 Bc5 5.O-O O-O 6.c3 d5 7.exd5 Nxd5 8.b4 
Be7 9.h3 Nb6 10.Bb3 Bf5 11.b5 Na5 12.Nxe5 Nxb3 13.axb3 f6 14.Nf3 Bxd3 15.
Re1 Bxb5 16.Nd4 Bd7 17.Qf3 c5 18.Nf5 Bxf5 19.Qxf5 Re8 20.Qe6+ Kh8 21.Qf7 
Qd5 22.Qxd5 Nxd5 23.c4 Nb4 24.Re2 a6 25.Ba3 Bd6 26.Rxe8+ Rxe8 27.Bxb4 cxb4
28.Kf1 Kg8 29.Ra2 Kf7 30.Re2 Be5 31.Rd2 Re7 32.Rd3 a5 33.Re3 Bf4 34.Rxe7+ 
Kxe7 35.g3 Bc1 36.Ke2 Kd6 37.Kd1 Bh6 38.f4 g5 39.f5 Ke5 40.g4 Kf4 41.Nd2 
Bf8 42.Ke2 Bc5 43.Kd3 h5 44.Ne4 hxg4 45.hxg4 Be7 46.c5 Kxg4 47.Nd6 b6 48.
Ke4 bxc5 49.Nc4 Bd8 50.Nd6 Kh3 51.Kd5 a4 52.bxa4 b3 53.Nc4 g4 54.Ke4 g3 
0-1

[Event "Malmo Open 2021"]
[Site "Malmo Radhus, Stortorget 2, Malmo, Sweden"]
[Date "2021.12.17"]
[Round "2.5"]
[White "Smith, Axel"]
[Black "Goransson, Martin"]
[Result "1-0"]
[WhiteElo "2430"]
[BlackElo "2075"]
[ECO "B09"]
[TimeControl "15 minutes + 5 seconds per move from move one (Round 1 - 4) / 90 minutes + 30 seconds per move from move one (Round 5 - 8)"]
[WhiteTitle "GM"]
[WhiteFideId "1707930"]
[BlackFideId "1717286"]

1.e4 d6 2.d4 Nf6 3.Nc3 g6 4.f4 Bg7 5.Nf3 O-O 6.e5 dxe5 7.fxe5 Nh5 8.Be3 c5
9.dxc5 Nc6 10.Be2 Bg4 11.O-O Qa5 12.Qe1 Rad8 13.a3 Qc7 14.h3 Bxf3 15.Bxf3 
Nxe5 16.Bxh5 gxh5 17.Qg3 Qc6 18.Rf5 Kh8 19.Rxe5 Bxe5 20.Qxe5+ f6 21.Qe4 
Qa6 22.Rf1 e5 23.Nd5 Qe6 24.c4 f5 25.Qh4 f4 26.Bd2 Rd7 27.Bc3 Rg7 28.Qxh5 
Rf5 29.Qh4 f3 30.g4 1-0

[Event "Malmo Open 2021"]
[Site "Malmo Radhus, Stortorget 2, Malmo, Sweden"]
[Date "2021.12.17"]
[Round "2.6"]
[White "Brynell, Stellan"]
[Black "Svensson, Hakan"]
[Result "1-0"]
[WhiteElo "2418"]
[BlackElo "2068"]
[ECO "D25"]
[TimeControl "15 minutes + 5 seconds per move from move one (Round 1 - 4) / 90 minutes + 30 seconds per move from move one (Round 5 - 8)"]
[WhiteTitle "GM"]
[WhiteFideId "1700219"]
[BlackFideId "1714201"]

1.d4 d5 2.Nf3 Nf6 3.c4 dxc4 4.e3 Bg4 5.Bxc4 e6 6.h3 Bh5 7.Nc3 a6 8.g4 Bg6 
9.Ne5 Nc6 10.Nxg6 hxg6 11.Bf1 Bb4 12.Bg2 Nd5 13.Bd2 Qd6 14.a3 Bxc3 15.bxc3
Nb6 16.Qb3 Na5 17.Qb4 Qxb4 18.axb4 Nb3 19.Ra2 Nc4 20.Bxb7 Ra7 21.Bxa6 Rxa6
22.Rxa6 Kd7 23.Ke2 Nbxd2 24.Kd3 f5 25.gxf5 gxf5 26.Ra2 Kd6 27.Rxd2 Nxd2 
28.Kxd2 Kd5 29.Kd3 Ra8 30.Rg1 1-0

[Event "Malmo Open 2021"]
[Site "Malmo Radhus, Stortorget 2, Malmo, Sweden"]
[Date "2021.12.17"]
[Round "2.7"]
[White "Akesson, Ralf"]
[Black "Makinen, Janne"]
[Result "1-0"]
[WhiteElo "2385"]
[BlackElo "2051"]
[ECO "D37"]
[TimeControl "15 minutes + 5 seconds per move from move one (Round 1 - 4) / 90 minutes + 30 seconds per move from move one (Round 5 - 8)"]
[WhiteTitle "GM"]
[WhiteFideId "1700120"]
[BlackFideId "1704036"]

1.Nf3 Nf6 2.c4 e6 3.Nc3 d5 4.d4 a6 5.cxd5 exd5 6.Bg5 Be6 7.e3 Bd6 8.Bd3 
Nbd7 9.O-O O-O 10.Rc1 c6 11.a3 Rc8 12.Re1 Re8 13.Bh4 Be7 14.Bg3 b5 15.h3 
Nb6 16.Qc2 Nc4 17.Ng5 h6 18.Nxe6 fxe6 19.Bg6 Rf8 20.e4 dxe4 21.Rcd1 e3 22.
fxe3 Nd5 23.Rd3 Bg5 24.e4 Nf4 25.Bxf4 Bxf4 26.b3 Nxa3 27.Qe2 Qg5 28.Bh5 
Bd6 29.e5 Bb4 30.Ne4 Qh4 31.g3 Qe7 32.Red1 a5 33.Kg2 a4 34.Qb2 Ra8 35.Rc1 
Rfc8 36.Bg4 axb3 37.Rxb3 Ra4 38.Rxb4 Rxb4 39.Qxa3 Rd8 40.Rxc6 Rdxd4 41.
Rxe6 Qb7 42.Re8+ Kf7 43.Bh5+ g6 44.Qf3+ Kxe8 45.Nf6+ Kd8 46.Qxb7 1-0

[Event "Malmo Open 2021"]
[Site "Malmo Radhus, Stortorget 2, Malmo, Sweden"]
[Date "2021.12.17"]
[Round "2.8"]
[White "Blauhut, Holger"]
[Black "Olsen, Filip Boe"]
[Result "0-1"]
[WhiteElo "2073"]
[BlackElo "2381"]
[ECO "B12"]
[TimeControl "15 minutes + 5 seconds per move from move one (Round 1 - 4) / 90 minutes + 30 seconds per move from move one (Round 5 - 8)"]
[WhiteTitle "CM"]
[BlackTitle "IM"]
[WhiteFideId "24665177"]
[BlackFideId "1440640"]

1.e4 c6 2.d4 d5 3.e5 Bf5 4.h4 h5 5.c4 e6 6.Nc3 Ne7 7.Nge2 Nd7 8.Ng3 Bg6 9.
cxd5 cxd5 10.Be2 Nc6 11.Be3 Be7 12.Bxh5 Bxh5 13.Nxh5 g6 14.Nf4 Rxh4 15.
Rxh4 Bxh4 16.Qg4 Nf8 17.O-O-O Rc8 18.Kb1 Be7 19.Nd3 Nb4 20.Nxb4 Bxb4 21.
Bd2 Rc4 22.Ne2 Qa5 23.Bxb4 Qxb4 24.Qh3 a6 25.Qd3 Nd7 26.b3 Rc6 27.Rc1 Nb8 
28.Kb2 Rxc1 29.Nxc1 Nc6 30.Ne2 Qe1 31.Qe3 Qd1 32.a3 b5 33.f3 Qe1 34.Qd3 
Qf2 35.Qc2 Kd7 36.Qd2 Qxg2 0-1

[Event "Malmo Open 2021"]
[Site "Malmo Radhus, Stortorget 2, Malmo, Sweden"]
[Date "2021.12.17"]
[Round "2.9"]
[White "Skytte, Rasmus"]
[Black "Mattsson, Michael"]
[Result "1-0"]
[WhiteElo "2377"]
[BlackElo "2037"]
[ECO "C28"]
[TimeControl "15 minutes + 5 seconds per move from move one (Round 1 - 4) / 90 minutes + 30 seconds per move from move one (Round 5 - 8)"]
[WhiteTitle "IM"]
[WhiteFideId "1404210"]
[BlackFideId "1708961"]

1.e4 e5 2.Bc4 Nf6 3.Nc3 Nc6 4.d3 Bb4 5.Ne2 d5 6.exd5 Nxd5 7.O-O Be6 8.Bxd5
Bxd5 9.f4 O-O 10.f5 f6 11.Nxd5 Qxd5 12.Ng3 Bc5+ 13.Kh1 Rad8 14.Ne4 a6 15.
b3 Bd4 16.Rb1 Rfe8 17.Bd2 a5 18.Rf3 Rd7 19.Rg3 Kf8 20.Qh5 h6 21.Rxg7 Rxg7 
22.Qxe8+ Kxe8 23.Nxf6+ Kd8 24.Nxd5 Rf7 25.Rf1 h5 26.Bg5+ Kd7 27.Nf6+ 1-0

[Event "Malmo Open 2021"]
[Site "Malmo Radhus, Stortorget 2, Malmo, Sweden"]
[Date "2021.12.17"]
[Round "2.10"]
[White "Karlsson, Jorgen"]
[Black "Lindberg, Bengt"]
[Result "1/2-1/2"]
[WhiteElo "2050"]
[BlackElo "2367"]
[ECO "A45"]
[TimeControl "15 minutes + 5 seconds per move from move one (Round 1 - 4) / 90 minutes + 30 seconds per move from move one (Round 5 - 8)"]
[BlackTitle "IM"]
[WhiteFideId "1711679"]
[BlackFideId "1700359"]

1.d4 Nf6 2.Bf4 d5 3.e3 e6 4.Nd2 Bd6 5.Bg3 c5 6.c3 Qc7 7.Bd3 Nbd7 8.f4 g5 
9.Nh3 h6 10.O-O Rg8 11.Qe2 b6 12.e4 dxe4 13.Nxe4 Nxe4 14.Bxe4 Rb8 15.Rae1 
g4 16.Nf2 h5 17.d5 Nf8 18.Nd3 c4 19.Ne5 b5 20.dxe6 Nxe6 21.f5 Ng5 22.Bd5 
Kf8 23.Kh1 Bb7 24.Bxb7 Rxb7 25.Qd2 Rb6 26.Qd5 Kg7 27.f6+ Kh8 28.Rf5 Bxe5 
29.Rexe5 Rd6 30.Rxg5 Rxg5 31.Re8+ Kh7 32.Qe4+ Rg6 33.h4 gxh3 34.Kh2 Qc6 
35.Bxd6 Qxd6+ 36.Kxh3 Qxf6 37.Re5 Kg7 38.Rxh5 Qd6 39.Qe5+ Qxe5 40.Rxe5 a6 
1/2-1/2

[Event "Malmo Open 2021"]
[Site "Malmo Radhus, Stortorget 2, Malmo, Sweden"]
[Date "2021.12.17"]
[Round "3.1"]
[White "Falkevall, Axel"]
[Black "Hillarp Persson, Tiger"]
[Result "1/2-1/2"]
[WhiteElo "2282"]
[BlackElo "2520"]
[ECO "B22"]
[TimeControl "15 minutes + 5 seconds per move from move one (Round 1 - 4) / 90 minutes + 30 seconds per move from move one (Round 5 - 8)"]
[WhiteTitle "CM"]
[BlackTitle "GM"]
[WhiteFideId "1735560"]
[BlackFideId "1700812"]

1.e4 c5 2.c3 Nf6 3.e5 Nd5 4.d4 cxd4 5.Nf3 e6 6.cxd4 d6 7.Bc4 Be7 8.O-O O-O
9.Qe2 Nc6 10.Nc3 Nxc3 11.bxc3 dxe5 12.dxe5 Qc7 13.Bd3 b6 14.Qe4 g6 15.Bh6 
Rd8 16.Rad1 Bb7 17.Qf4 Rd5 18.Be4 Rxd1 19.Rxd1 Rd8 20.Rxd8+ Nxd8 21.Bxb7 
Nxb7 22.h4 Nc5 23.h5 f5 24.exf6 Qxf4 25.Bxf4 Bxf6 26.hxg6 hxg6 27.c4 Na4 
28.Bb8 a6 29.Bc7 b5 30.cxb5 axb5 31.Bd6 Nc3 32.a3 Ne4 33.Bb4 Kf7 34.Kf1 e5
35.Ke2 Ke6 36.Ne1 Kd5 37.f3 Ng3+ 38.Kd3 e4+ 39.fxe4+ Nxe4 40.Nc2 Nc5+ 41.
Ke2 Ne6 42.Ne3+ Ke4 43.Nd1 Nf4+ 44.Kf1 Kd3 45.g3 Nd5 46.Bd6 Kd2 47.Nf2 
Ne3+ 48.Kg1 Bd4 49.Ne4+ Kd3 50.Nc5+ Ke2 51.Nb7 g5 52.Bc5 Bxc5 53.Nxc5 Kf3 
54.Ne6 g4 55.Nd4+ Kxg3 56.Nxb5 Nc2 57.a4 Kf3 58.Nd6 Nd4 59.Nf7 g3 60.Ng5+ 
Kf4 61.Kg2 Nf5 62.Nh3+ Kg4 63.Nf2+ gxf2 64.Kxf2 1/2-1/2

[Event "Malmo Open 2021"]
[Site "Malmo Radhus, Stortorget 2, Malmo, Sweden"]
[Date "2021.12.17"]
[Round "3.2"]
[White "Sivuk, Vitaly"]
[Black "Walinder, Lars"]
[Result "1-0"]
[WhiteElo "2514"]
[BlackElo "2259"]
[ECO "E00"]
[TimeControl "15 minutes + 5 seconds per move from move one (Round 1 - 4) / 90 minutes + 30 seconds per move from move one (Round 5 - 8)"]
[WhiteTitle "GM"]
[WhiteFideId "14116502"]
[BlackFideId "1707329"]

1.d4 d5 2.c4 e6 3.Nf3 Nf6 4.g3 Bb4+ 5.Nbd2 dxc4 6.Bg2 O-O 7.Qc2 a5 8.a3 
Bxd2+ 9.Bxd2 b6 10.Qxc4 Ra7 11.Bg5 h6 12.Bxf6 Qxf6 13.O-O Ba6 14.Qc2 Rc8 
15.b4 Bb7 16.b5 a4 17.Ne5 Bxg2 18.Kxg2 Qd8 19.Qe4 Qd5 20.Qxd5 exd5 21.Rfc1
f6 22.Nd3 Ra5 23.Rab1 g5 24.Rb4 Kf7 25.e3 Ke7 26.Nb2 Kd6 27.Nxa4 Nd7 28.
Rc6+ Ke7 29.Nc3 Rxa3 30.Nxd5+ Kd8 31.Nxf6 1-0

[Event "Malmo Open 2021"]
[Site "Malmo Radhus, Stortorget 2, Malmo, Sweden"]
[Date "2021.12.17"]
[Round "3.3"]
[White "Burwick, Malte"]
[Black "Seo, Jung Min"]
[Result "1-0"]
[WhiteElo "2230"]
[BlackElo "2459"]
[ECO "A07"]
[TimeControl "15 minutes + 5 seconds per move from move one (Round 1 - 4) / 90 minutes + 30 seconds per move from move one (Round 5 - 8)"]
[BlackTitle "IM"]
[WhiteFideId "1702475"]
[BlackFideId "1734687"]

1.Nf3 d5 2.g3 Nf6 3.Bg2 e6 4.O-O Be7 5.d3 O-O 6.Nbd2 b6 7.e4 Bb7 8.e5 Nfd7
9.Re1 c5 10.h4 Nc6 11.Nf1 Qc7 12.Bf4 Rfe8 13.h5 h6 14.N1h2 d4 15.Ng4 Bf8 
16.Qd2 Kh7 17.Nfh2 Nb4 18.Bxb7 Qxb7 19.Qe2 a5 20.c4 a4 21.a3 Na6 22.Nf1 
Nc7 23.Nd2 b5 24.Ne4 bxc4 25.dxc4 Qb3 26.Bxh6 Rab8 27.Ng5+ Kg8 28.Qe4 1-0

[Event "Malmo Open 2021"]
[Site "Malmo Radhus, Stortorget 2, Malmo, Sweden"]
[Date "2021.12.17"]
[Round "3.4"]
[White "Hector, Jonny"]
[Black "Hansen, Lars"]
[Result "1-0"]
[WhiteElo "2439"]
[BlackElo "2216"]
[ECO "C02"]
[TimeControl "15 minutes + 5 seconds per move from move one (Round 1 - 4) / 90 minutes + 30 seconds per move from move one (Round 5 - 8)"]
[WhiteTitle "GM"]
[WhiteFideId "1700090"]
[BlackFideId "1402528"]

1.e4 e6 2.d4 d5 3.e5 c5 4.c3 Qb6 5.Nf3 Nc6 6.Bd3 cxd4 7.O-O Bd7 8.Re1 Nge7
9.h4 Rc8 10.h5 h6 11.Nbd2 dxc3 12.bxc3 Na5 13.Rb1 Qd8 14.Nb3 Nxb3 15.Qxb3 
Nc6 16.Qxb7 Na5 17.Qb2 Nc4 18.Qe2 Be7 19.Nd4 Qa5 20.Rb3 Ba4 21.Bxc4 dxc4 
22.Rb7 Qa6 23.Qf3 Bc6 24.Rxe7+ Kxe7 25.Nxc6+ Rxc6 26.Ba3+ Ke8 27.Bb4 Qc8 
28.Qg4 g5 29.hxg6 Rg8 30.g7 Rc7 31.Re3 Qd8 32.Rh3 Rd7 33.Rxh6 Rd1+ 34.Kh2 
Qd5 35.Bd6 Kd7 36.Rh8 1-0

[Event "Malmo Open 2021"]
[Site "Malmo Radhus, Stortorget 2, Malmo, Sweden"]
[Date "2021.12.17"]
[Round "3.5"]
[White "Ottenklev, Niklas"]
[Black "Smith, Axel"]
[Result "0-1"]
[WhiteElo "2201"]
[BlackElo "2430"]
[ECO "C00"]
[TimeControl "15 minutes + 5 seconds per move from move one (Round 1 - 4) / 90 minutes + 30 seconds per move from move one (Round 5 - 8)"]
[BlackTitle "GM"]
[WhiteFideId "1714210"]
[BlackFideId "1707930"]

1.e4 c5 2.Nf3 e6 3.Qe2 Nc6 4.c3 Nf6 5.g3 Be7 6.Bg2 O-O 7.O-O e5 8.Na3 Re8 
9.Nc2 h6 10.h3 Bf8 11.d3 d5 12.exd5 Nxd5 13.Ne3 Nxe3 14.Bxe3 Bf5 15.Rfd1 
Qd7 16.Kh2 Rad8 17.Ne1 Nd4 18.Qd2 Ne6 19.Be4 Bxh3 20.Kxh3 Ng5+ 21.Kg2 Qh3+
22.Kg1 Nxe4 23.Qe2 Nf6 24.Qf3 Rd7 25.a4 Red8 26.a5 Qe6 27.Kg2 Nd5 28.Rd2 
f5 29.Re2 g5 30.Ra4 Nf6 31.Bc1 g4 32.Qe3 Qc6+ 33.Kg1 Qxa4 0-1